 Dungeon Crawl Stone Soup version 0.29.1-1-gd02db6906a (webtiles) character file.

Game seed: 4282992696881029238

93 sanboga the Covered (level 4, -3/29 HPs)
             Began as a Gargoyle Fighter on Sept 25, 2022.
             Was a Follower of Okawaru.
             Slain by an orc warrior
             ... wielding a +2 vorpal scimitar
              (6 damage)
             ... on level 4 of the Dungeon.
             The game lasted 00:03:43 (2458 turns).

sanboga the Covered (Gargoyle Fighter)              Turns: 2458, Time: 00:03:43

Health: -3/29      AC: 10    Str: 21    XL:     4   Next: 61%
Magic:  4/4        EV:  9    Int:  9    God:    Okawaru [*.....]
Gold:   60         SH:  4    Dex:  9    Spells: 3/3 levels left

rFire   . . .      SeeInvis .   a - +0 war axe
rCold   . . .      Faith    .   c - +0 buckler
rNeg    + . .      Spirit   .   b - +0 scale mail
rPois   ∞          Reflect  .   (no helmet)
rElec   +          Harm     .   (no cloak)
rCorr   .          Rampage  .   (no gloves)
Will    .....                   (no boots)
Stlth   ..........              (no amulet)
HPRegen 0.09/turn               (no ring)
MPRegen 0.09/turn               (no ring)

@: no status effects
A: sickness immunity, AC +3, negative energy resistance 1, electricity
resistance, torment resistance 1, petrification resistance
a: Renounce Religion, Heroism


You were on level 4 of the Dungeon.
You worshipped Okawaru.
Okawaru was aware of your devotion.
You visited 1 branch of the dungeon, and saw 4 of its levels.

You collected 222 gold pieces.
You spent 162 gold pieces at shops.

Inventory:

Hand Weapons
 a - a +0 war axe (weapon)
 e - the +7 Throatcutter {drain, coup de grace}
   (You found it on level 2 of the Dungeon)

   A truly terrible weapon, it drains the life of any living foe it strikes.
   It may instantly kill foes which have little health.
Armour
 b - a +0 scale mail (worn)
 c - a +0 buckler (worn)
Jewellery
 p - a ring of fire
Scrolls
 f - a scroll of butterflies {unknown}
 j - 2 scrolls of enchant weapon
 n - a scroll of enchant armour {unknown}
 o - 2 scrolls of magic mapping
 q - 2 scrolls of teleportation
 r - a scroll of amnesia {unknown}
 s - 4 scrolls of blinking {unknown}
 u - a scroll of vulnerability {unknown}
Potions
 d - a potion of might
 g - 3 potions of heal wounds
 h - 5 potions of curing
 i - 3 potions of degeneration {unknown}
 k - a potion of flight
 m - a potion of ambrosia
 t - a potion of cancellation {unknown}
 v - a potion of berserk rage {unknown}
 w - a potion of attraction {unknown}


   Skills:
 + Level 3.9 Fighting
 * Level 2.9 Axes
 + Level 3.9 Armour
 + Level 3.9 Shields


You had 3 spell levels left.
You didn't know any spells.
Your spell library was empty.

Dungeon Overview and Level Annotations

Branches:
Dungeon (4/15)
 Temple: D:4-7

Altars:
Okawaru

Shops:
D:1 ?


Innate Abilities, Weirdness & Mutations

You are immune to sickness and miasma.
Your stone body is resilient. (AC +3)
You are immune to poison.
You resist negative energy. (rN+)
You are resistant to electric shocks. (rElec)
You are resistant to unholy torment.
You are immune to petrification.


Message History

Okawaru accepts your kill. The orc hits you but does no damage.
Something hits you. The orc hits you but does no damage.
An orc priest comes into view. It is wielding a +0 dagger.
The orc hits you with a +0 mace.
You see here a +0 club.
You barely miss the orc. You barely miss something. You closely miss the orc.
You hit the orc. You barely miss the kobold.
The kobold hits you but does no damage. Something hits you but does no damage.
The orc closely misses you. The orc misses you.
The orc hits you but does no damage. The orc barely misses you.
The orc hits you with a +0 dagger. The kobold hits you but does no damage.
Something hits you but does no damage.
You closely miss the orc warrior. You hit the orc. You closely miss something.
You closely miss the orc. You hit the kobold but do no damage.
You block the kobold's attack. Something hits you.
The orc hits you but does no damage.
The orc priest calls upon Beogh to heal the orc.
The orc's wounds heal themselves!
The orc completely misses you.
You slash the orc!
You kill the orc!
Okawaru accepts your kill.
You closely miss something. You hit the orc. You barely miss the orc warrior.
You barely miss the kobold. You hit the orc. The orc warrior barely misses you.
Something hits you. The kobold hits you but does no damage.
The orc hits you with a +0 hand axe. You block the orc's attack.
You barely miss the orc warrior. You hit the orc but do no damage.
You hit the kobold.
You kill the kobold!
You slash the orc!
You kill the orc!
Okawaru accepts your kill.
You closely miss something. Something hits you but does no damage.
The orc warrior hits you with a +2 vorpal scimitar!
* * * LOW HITPOINT WARNING * * *
x2 The orc closely misses you.
The orc hits you with a +0 mace.
* * * LOW HITPOINT WARNING * * *
Something hits you but does no damage.
The orc warrior hits you with a +2 vorpal scimitar.
You die...

...............## ....##
..........<.....###.##.#
>...................# ..
..........##........# .
.........##..#.......
.........##..........
...........?........
..........o........
.......{@)#.....
.......oo)......
......o(........
................
.......#........
##...........###
..........###
.#..P♣.....


You could see an orc warrior, an orc priest and 2 orcs.

Vanquished Creatures
  3 adders (D:2)
  A worm (D:3)
  A dart slug (D:3)
  4 orcs (D:4)
  3 endoplasms (D:2)
  A giant cockroach (D:3)
  4 goblins
  4 hobgoblins
  2 jackals (D:4)
  7 kobolds
  3 quokkas
  4 ball pythons
  9 bats
  3 frilled lizards
  12 rats
61 creatures vanquished.

Notes
Turn   | Place    | Note
-------+----------+-------------------------------------------
     0 | D:1      | sanboga the Gargoyle Fighter began the quest for the Orb.
     0 | D:1      | Reached XP level 1. HP: 14/14 MP: 1/1
   205 | D:1      | Reached XP level 2. HP: 19/19 MP: 2/2
   227 | D:1      | Found a faded altar of an unknown god.
   278 | D:1      | Prayed at the altar of an unknown god.
   278 | D:1      | Became a worshipper of Warmaster Okawaru
   278 | D:1      | Reached * piety under Okawaru
   385 | D:1      | Found Kagaom Roru's Magic Scroll Shoppe.
   392 | D:1      | Bought a scroll of identify for 26 gold pieces
   739 | D:2      | Found the +7 Throatcutter {drain, coup de grace}
   886 | D:2      | Reached XP level 3. HP: 23/23 MP: 3/3
  1247 | D:2      | Reached XP level 4. HP: 27/29 MP: 4/4
  1620 | D:1      | Bought a scroll of magic mapping for 97 gold pieces
  1620 | D:1      | Bought a scroll of teleportation for 39 gold pieces
  1659 | D:3      | Found an iron altar of Okawaru.
  2452 | D:4      | Noticed an orc warrior
  2458 | D:4      | Slain by an orc warrior

Illustrated notes

Levels and vault maps discovered:
D:1:      dpeg_arrival_ratfight, layout_loops_cross, serial_shops, shop,
          ebering_ecumenical_altar_sacrificial
D:2:      kennysheep_six_static_rooms, layout_basic, due_unseen_surprise
D:3:      layout_basic, okawaru_gym_becter
D:4:      layout_cave_pools, serial_park_tiny_2

Skill      XL: |  1 |
---------------+----+-----
Axes           | 2 |  2.9
Fighting       | |  3.9
Armour         | |  3.9
Shields        | |  3.9

Action                   |  1- 3 |  4- 6 || total
-------------------------+-------+-------++-------
Melee: War axe           |   103 |    55 ||   158
  Use: Scroll            |     3 |     4 ||     7
Armor: Scale mail        |    74 |    39 ||   113
Dodge: Dodged            |    60 |    29 ||    89
Block: Buckler           |    23 |    14 ||    37
